 Dungeon Crawl Stone Soup version 0.27-a0-1322-gfdffb62a71 (webtiles) character file.

Game seed: 1164817554782631971

8684 lunkers the Destroyer (level 11, -7/54 HPs)
             Began as a Deep Elf Air Elementalist on June 22, 2021.
             Was an Elder of Vehumet.
             Mangled by a wyvern (9 damage)
             ... on level 1 of the Lair of Beasts.
             The game lasted 00:25:50 (12850 turns).

lunkers the Destroyer (Deep Elf Air Elementalist)  Turns: 12850, Time: 00:25:51

Health: -7/54      AC:  8    Str:  5    XL:     11   Next: 13%
Magic:  23/27      EV: 15    Int: 24    God:    Vehumet [****..]
Gold:   1485       SH:  0    Dex: 15    Spells: 17/31 levels left

rFire    . . .     SeeInvis .   j - +4 dagger (flame)
rCold    + . .     Faith    .   (no shield)
rNeg     . . .     Spirit   .   s - +2 leather armour {rC+}
rPois    .         Reflect  .   m - +2 helmet
rElec    .         Harm     .   (no cloak)
rCorr    .         Rampage  .   (no gloves)
Will     ++...                  (no boots)
Stlth    ++........             t - amulet of magic regeneration
HPRegen  0.18/turn              r - ring of willpower
MPRegen  0.45/turn              d - +4 ring of evasion

@: about to teleport
A: no striking features
a: Renounce Religion


You were on level 1 of the Lair of Beasts.
You worshipped Vehumet.
Vehumet was greatly pleased with you.
You visited 2 branches of the dungeon, and saw 11 of its levels.

You collected 1485 gold pieces.

Inventory:

Hand Weapons
 e - a +2 vorpal mace
 j - a +4 dagger of flaming (weapon)
Armour
 m - a +2 helmet (worn)
 s - a +2 leather armour of cold resistance (worn)
 E - a +0 kite shield
 F - a +2 kite shield
Jewellery
 a - a ring of poison resistance
 d - a +4 ring of evasion (right hand)
 h - a +6 ring of strength
 o - an amulet of reflection
 r - a ring of willpower (left hand)
 t - an amulet of magic regeneration (around neck)
 w - a ring of protection from cold
Wands
 b - a wand of paralysis (1)
 i - a wand of acid (17)
 x - a wand of flame (14)
 y - a wand of digging (7)
Scrolls
 c - 4 scrolls of enchant weapon
 f - 3 scrolls of magic mapping
 p - a scroll of brand weapon {unknown}
Potions
 g - 3 potions of flight
 l - 3 potions of mutation
 n - 3 potions of ambrosia
 q - a potion of resistance
 u - 2 potions of magic
 v - 2 potions of heal wounds
 C - 2 potions of haste


   Skills:
 - Level 2.4 Dodging
 - Level 2.4 Stealth
 + Level 10.5 Spellcasting
 * Level 11.8 Conjurations
 * Level 11.2 Air Magic


You had 17 spell levels left.
You knew the following spells:

 Your Spells              Type           Power      Damage    Failure   Level
a - Airstrike             Air            30%        N/A       1%          4
b - Static Discharge      Conj/Air       62%        N/A       1%          2
c - Swiftness             Air            61%        N/A       1%          3
e - Lightning Bolt        Conj/Air       31%        1d48      1%          5

Your spell library contained the following spells:

 Spells                   Type           Power      Damage    Failure   Level
 Frozen Ramparts          Ice            24%        1d4       7%          3
 Shock                    Conj/Air       100%       1d9       1%          1
 Apportation              Tloc           24%        N/A       9%          1
 Confusing Touch          Hex            12%        N/A       26%         3
 Gell's Gravitas          Tloc           6%         N/A       26%         3
 Lesser Beckoning         Tloc           6%         N/A       26%         3
 Tukima's Dance           Hex            12%        N/A       26%         3
 Yara's Violent Unravell  Hex/Tmut       6%         3d5       50%         5
 Petrify                  Tmut/Erth      12%        N/A       63%         4
 Alistair's Intoxication  Tmut/Pois      8%         N/A       93%         5
 Metabolic Englaciation   Hex/Ice        6%         N/A       93%         5
 Invisibility             Hex            6%         N/A       100%        6


Dungeon Overview and Level Annotations

Branches:
Dungeon (10/15)            Temple (0/1) D:4            Lair (1/6) D:8
    Orc: D:9-12

Altars:
Ashenzari
Dithmenos
Elyvilon
Fedhas
Hepliaklqana
Kikubaaqudgha
Okawaru
Qazlal
Trog
Vehumet
Wu Jian
Xom
Yredelemnul
Zin


Message History

The bullfrog hits you but does no damage.
Casting: Static Discharge (safe; 1% risk of failure)
Confirm with . or Enter, or press ? or * to list all spells.
Aiming: Lightning Bolt (dangerous; 1% risk of failure)
Press: ? - help, Shift-Dir - straight line You hear a mighty clap of thunder!
The bolt of lightning misses the blink frog.
The bolt of lightning hits the bullfrog!!!
You kill the bullfrog!
Vehumet accepts your kill.
You feel your power returning.
The bolt of lightning misses the blink frog.
You hear an angry hiss.
You hear a croak.
The blink frog closely misses you.
Unknown command.
Unknown command.
Unknown command.
Casting: Lightning Bolt (dangerous; 1% risk of failure)
Confirm with . or Enter, or press ? or * to list all spells.
Aiming: Lightning Bolt (dangerous; 1% risk of failure)
Press: ? - help, Shift-Dir - straight line You hear a mighty clap of thunder!
The bolt of lightning hits the blink frog!!
The blink frog is severely wounded.
The bolt of lightning hits the komodo dragon!
The komodo dragon is heavily wounded.
The bolt of lightning misses the komodo dragon.
The bolt of lightning hits the blink frog!
You kill the blink frog!
Vehumet accepts your kill.
You feel your power returning.
A water moccasin comes into view.
The wyvern bites you.
* * * LOW HITPOINT WARNING * * *
Unknown command.
Unknown command.
Unknown command.
As you read the scroll of teleportation, it crumbles to dust.
You feel strangely unstable. The wyvern bites you!
You die...

..8...#.........
.......#........
.........#......
#.....# .
##..8.+
....###..#
....###l.##
..S...#†l.##
##..≈@...#
#.≈≈≈≈≈..#
#.≈≈≈≈≈≈≈.##
#.≈≈≈≈≈≈...#
#.≈≈≈≈≈≈<..#
...≈≈≈≈≈≈....#
.#.≈≈≈≈≈≈≈.###
#..≈≈≈≈≈≈..
#.≈≈≈≈≈..##


You could see a komodo dragon, a water moccasin and a wyvern.

Vanquished Creatures
  A two-headed ogre (D:9)
  A skeletal warrior (D:9)
  An ugly thing (D:10)
  A moth of wrath (D:10)
  A blink frog (Lair:1)
  2 shadows (D:7)
  4 yaks
  A spriggan (D:10)
  Grum (D:9)
  3 vampire mosquitoes (D:10)
  A steam dragon (D:5)
  An acid dragon (D:9)
  3 orc warriors
  2 sky beasts
  3 water moccasins
  An ogre (D:7)
  4 necrophages
  4 centaurs
  A phantom (D:7)
  3 wolves (D:9)
  5 kobold brigands
  4 bullfrogs
  A gnoll sergeant (D:10)
  3 scorpions
  A wyvern zombie (D:6)
  16 wights
  3 vampire bats (D:10)
  5 centaur zombies (D:9)
  A crimson imp (D:5)
  A human zombie (D:9)
  2 hounds
  6 orc priests
  3 centaur skeletons
  A gnoll shaman (D:8)
  2 jellies
  3 bullfrog skeletons
  5 iguanas
  4 orc wizards
  A hound zombie (D:5)
  3 mummies (D:9)
  A howler monkey zombie (D:9)
  8 gnolls
  4 adders
  A shadow imp (D:8)
  2 white imps (D:5)
  An ufetubus (D:6)
  A worm (D:10)
  7 dart slugs
  41 orcs
  7 bats
  A bat skeleton (D:10)
  6 bat zombies (D:10)
  8 endoplasms
  4 giant cockroaches
  8 goblins
  5 hobgoblins
  8 jackals
  27 kobolds
  2 quokkas
  5 ball pythons
  6 frilled lizards
  6 rats
268 creatures vanquished.

Vanquished Creatures (others)
  An orc wizard (D:9)
  4 plants (D:9)
5 creatures vanquished.

Grand Total: 273 creatures vanquished

Notes
Turn   | Place    | Note
-------+----------+-------------------------------------------
     0 | D:1      | lunkers the Deep Elf Air Elementalist began the quest for
                  | the Orb.
     0 | D:1      | Reached XP level 1. HP: 10/10 MP: 6/6
   163 | D:1      | Reached XP level 2. HP: 15/15 MP: 1/8
   561 | D:1      | Reached XP level 3. HP: 18/19 MP: 4/9
  1002 | D:1      | Learned a level 2 spell: Static Discharge
  1006 | D:1      | Learned a level 3 spell: Swiftness
  1789 | D:3      | Reached XP level 4. HP: 24/24 MP: 7/11
  2957 | D:4      | Reached XP level 5. HP: 21/28 MP: 6/13
  3429 | D:4      | Learned a level 4 spell: Airstrike
  3583 | D:4      | Found a radiant altar of Vehumet.
  3586 | D:4      | Became a worshipper of Vehumet
  3628 | D:4      | Noticed a necrophage
  3655 | D:4      | Reached XP level 6. HP: 20/32 MP: 3/14
  3723 | D:4      | Reached skill level 5 in Air Magic
  3798 | D:4      | Found a staircase to the Ecumenical Temple.
  3938 | D:4      | Noticed a water moccasin
  3949 | D:4      | Killed a water moccasin
  3950 | D:4      | Reached skill level 5 in Spellcasting
  3950 | D:4      | Reached skill level 5 in Conjurations
  4354 | D:5      | Entered Level 5 of the Dungeon
  4403 | D:5      | Reached XP level 7. HP: 33/36 MP: 11/16
  4409 | D:5      | Learned a level 5 spell: Lightning Bolt
  4973 | D:5      | Noticed a steam dragon
  4983 | D:5      | Killed a steam dragon
  5305 | D:5      | Reached * piety under Vehumet
  5305 | D:5      | Offered knowledge of Freeze by Vehumet.
  5698 | D:6      | Found a broken altar of Ashenzari.
  5709 | D:6      | Reached XP level 8. HP: 40/41 MP: 14/19
  6109 | D:6      | Found a large runed translucent door.
  6109 | D:6      | Found a large runed translucent door.
  6110 | D:6      | Found a shimmering altar of Xom.
  6357 | D:6      | Reached ** piety under Vehumet
  6357 | D:6      | Offered knowledge of Poisonous Vapours by Vehumet.
  6359 | D:6      | Found an ornate altar of the Wu Jian Council.
  6885 | D:6      | Found a shadowy altar of Dithmenos.
  7447 | D:7      | Reached XP level 9. HP: 38/45 MP: 11/22
  8449 | D:8      | Found a white marble altar of Elyvilon.
  8849 | D:8      | Offered knowledge of Inner Flame by Vehumet.
  8971 | D:8      | Found a staircase to the Lair.
  9420 | D:9      | Reached *** piety under Vehumet
  9536 | D:9      | Noticed a two-headed ogre
  9545 | D:9      | Killed a two-headed ogre
  9546 | D:9      | Reached skill level 10 in Conjurations
  9546 | D:9      | Reached XP level 10. HP: 28/50 MP: 11/25
  9837 | D:9      | Reached skill level 10 in Air Magic
 10086 | D:9      | Found a stormy altar of Qazlal.
 10346 | D:9      | Offered knowledge of Mephitic Cloud by Vehumet.
 10385 | D:9      | Found a basalt altar of Yredelemnul.
 10686 | D:9      | Found a blossoming altar of Fedhas.
 10687 | D:9      | Noticed Grum
 10690 | D:9      | Killed Grum
 10823 | D:10     | Entered Level 10 of the Dungeon
 11129 | D:10     | Noticed a moth of wrath
 11134 | D:10     | Killed a moth of wrath
 11135 | D:10     | Reached skill level 10 in Spellcasting
 11148 | D:10     | Found a bloodstained altar of Trog.
 11341 | D:10     | Noticed a cyan ugly thing
 11352 | D:10     | Killed a cyan ugly thing
 11519 | D:10     | Reached **** piety under Vehumet
 11561 | D:10     | Found an ancient bone altar of Kikubaaqudgha.
 11638 | D:10     | Found a glowing silver altar of Zin.
 11640 | D:10     | Offered knowledge of Frozen Ramparts by Vehumet.
 11792 | D:10     | Found an iron altar of Okawaru.
 11996 | D:10     | Noticed a skeletal warrior
 12204 | D:9      | Killed a skeletal warrior
 12205 | D:9      | Reached XP level 11. HP: 5/54 MP: 21/27
 12502 | D:9      | Identified a scroll of acquirement
 12502 | D:9      | Acquired 1071 gold pieces
 12557 | D:10     | Found a faded altar of an unknown god.
 12558 | D:10     | Found a hazy altar of Hepliaklqana.
 12831 | Lair:1   | Entered Level 1 of the Lair of Beasts
 12849 | Lair:1   | HP: 2/54 [wyvern (5)]
 12850 | Lair:1   | Mangled by a wyvern

Illustrated notes

Levels and vault maps discovered:
D:1:      lightli_arrival_farm, layout_rooms, serial_glass, glass_columns_b,
          glass_columns_a
D:2:      layout_rooms
D:3:      layout_loops_ring
D:4:      layout_cave_pools, kennysheep_mini_moat,
          minmay_temple_entry_stoned_glass
D:5:      layout_basic, minmay_fire_ice_demons
D:6:      due_chaos_kobolds, layout_basic, kennysheep_little_box,
          overflow_temple_1_default, evilmike_ruin_ashenzari
D:7:      layout_loops_ring
D:8:      layout_basic, pf_just_have_faith, dpeg_oklobed_lair
D:9:      layout_cave_pools, lemuel_mausoleum_altar_yredelemnul,
          fedhas_ov_isle_minmay, nicolae_overflow_crystal_walls, uniq_grum
D:10:     layout_roguey, okawaru_altar_gauntlet_db, kennysheep_vampire_church,
          lemuel_tele_altar, tgw_trog, beargit_hepliaklqana_dungeon_heroes
Lair:1:   layout_hall_layers, lemuel_fruit_tree, infiniplex_staircase_pool,
          lemuel_fruit_fields, grunt_megastairs_4

Skill      XL: |  1  2  3  4  5  6  7  8  9 10 |
---------------+-------------------------------+-----
Conjurations   | 2 3 4 5 6 8 10 11 | 11.8
Air Magic      | 4 5 6 8 9 11 | 11.2
Spellcasting   | 4 5 6 7 9 10 | 10.5
Dodging        | |  2.4
Stealth        | |  2.4

Action                   |  1- 3 |  4- 6 |  7- 9 | 10-12 || total
-------------------------+-------+-------+-------+-------++-------
Melee: Mace              |     1 |       |       |       ||     1
       Dagger            |       |     3 |    24 |    19 ||    46
 Cast: Shock             |    89 |   101 |    33 |       ||   223
       Static Discharge  |       |    11 |    57 |    17 ||    85
       Airstrike         |       |       |    76 |   116 ||   192
       Lightning Bolt    |       |       |     1 |     4 ||     5
  Use: Scroll            |       |     1 |     2 |    12 ||    15
 Stab: Sleeping          |       |       |     4 |       ||     4
Armor: Robe              |     4 |     6 |     3 |       ||    13
       Leather armour    |       |       |    20 |    28 ||    48
Dodge: Dodged            |     8 |    17 |    58 |    42 ||   125
Block: Other             |       |       |    11 |       ||    11
       Reflection        |       |       |     1 |       ||     1

Table legend: (Time is in decaauts)
 A = Elapsed time spent in this place.
 B = Non-inter-level travel time spent in this place.
 C = Inter-level travel time spent in this place.
 D = Time resting spent in this place.
 E = Time spent auto-exploring this place.
 F = Levels seen in this place.
 G = Mean time per level.
                   A        B        C        D        E       F      G
               +--------+--------+--------+--------+--------+-----+--------+
         Total |  12894 |  12525 |    369 |   1359 |   9268 |  11 | 1172.2 |
       Dungeon |  12875 |  12506 |    369 |   1359 |   9268 |  10 | 1287.5 |
          Lair |     18 |     18 |      0 |      0 |      0 |   1 |   18.0 |
               +--------+--------+--------+--------+--------+-----+--------+

Top non-repeatable levels by time:
     D:9: 1819 daAuts
    D:10: 1456 daAuts
     D:4: 1444 daAuts
     D:6: 1406 daAuts
     D:8: 1384 daAuts
     D:5: 1378 daAuts
     D:3: 1195 daAuts
     D:1: 1073 daAuts
     D:7: 1039 daAuts
     D:2: 675 daAuts
  Lair:1: 18 daAuts
